 Dungeon Crawl Stone Soup version 0.21.0-3-g78d12a8 (webtiles) character file.

39815 Inarius the Frost Mage (level 13, -1/111 HPs)
             Began as a Grey Draconian Ice Elementalist on Jan 13, 2018.
             Was a High Priest of Hepliaklqana.
             Slain by a reaper
             ... wielding a +1 scythe of freezing
              (16 damage)
             ... in an ice cave.
             The game lasted 00:58:47 (20225 turns).

Inarius the Frost Mage (DrIE)                      Turns: 20225, Time: 00:58:48

Health: -1/111     AC: 17    Str: 11    XL:     13   Next: 71%
Magic:  15/25      EV: 23    Int: 26    God:    Hepliaklqana [*****.]
Gold:   1016       SH: 10    Dex: 17    Spells: 16/28 levels left

rFire    + . .     SeeInvis .   g - +9 whip "Qohakadim" {flame, rF+ rN+ MR+}
rCold    . . .     Gourm    .   j - +0 buckler
rNeg     + . .     Faith    .   (armour unavailable)
rPois    .         Spirit   .   (helmet restricted)
rElec    .         Reflect  +   x - +0 cloak
rCorr    .         Harm     .   H - +0 pair of gloves
MR       +....                  k - +1 pair of boots
Stlth    +++.......             c - +5 amulet of reflection
HPRegen  0.28/turn              N - +3 ring of intelligence
MPRegen  0.19/turn              q - +3 ring of intelligence

@: agile, hasted (expiring), very quick
A: walk through water, unfitting armour, reduced essence, robust 1, unbreathing,
cold-blooded, subdued magic 1, AC +13
a: Recall Ancestor, Ancestor Identity, Transference, Idealise, Renounce Religion


You were in an ice cave.
You worshipped Hepliaklqana.
Hepliaklqana was extremely pleased with you.
You were not hungry.

You visited 3 branches of the dungeon, and saw 18 of its levels.
You also visited: Ossuary and Ice Cave.

You collected 1016 gold pieces.

Inventory:

Hand Weapons
 g - the +9 whip "Qohakadim" (weapon) {flame, rF+ rN+ MR+}
   (You found it on level 4 of the Dungeon)

   It has been specially enchanted to burn those struck by it, causing extra
   injury to most foes and up to half again as much damage against particularly
   susceptible opponents.
   It protects you from fire.
   It protects you from negative energy.
   It affects your resistance to hostile enchantments.
Armour
 j - a +0 buckler (worn)
 k - a +1 pair of boots (worn)
 x - a +0 cloak (worn)
 H - a +0 pair of gloves (worn)
Magical Staves
 n - an uncursed staff of cold
Jewellery
 a - an uncursed ring of protection from magic
 c - a +5 amulet of reflection (around neck)
 q - a +3 ring of intelligence (right hand)
 r - an uncursed ring of protection from magic
 J - an uncursed amulet of magic regeneration
 K - an uncursed ring of protection from fire
 N - a +3 ring of intelligence (left hand)
Wands
 e - a wand of disintegration (21)
 f - a wand of random effects (23)
 i - a wand of polymorph (8)
 u - a wand of acid (16)
 y - a wand of paralysis (23)
 E - a wand of scattershot (3)
 M - a wand of enslavement (16)
 O - a wand of flame (19)
 U - a wand of digging (17)
Scrolls
 d - 8 scrolls of remove curse
 l - 8 scrolls of enchant armour
 m - 8 scrolls of amnesia
 t - 3 scrolls of magic mapping
 B - 8 scrolls of teleportation
 C - 3 scrolls of enchant weapon
 D - 4 scrolls of blinking
 G - 2 scrolls of fear
 L - 2 scrolls of silence
 P - 2 scrolls of identify
 S - a scroll of vulnerability
 T - a scroll of brand weapon
Potions
 h - a potion of cancellation
 s - 2 potions of brilliance
 v - 7 potions of lignification
 z - a potion of haste
 A - 3 potions of flight
 F - 2 potions of magic
 I - 2 potions of ambrosia
Books
 Q - a book of Transfigurations

   Spells                             Type                      Level
   a - Irradiate                      Conjuration/Transmutation    5
   b - Statue Form                    Transmutation/Earth          6
   c - Hydra Form                     Transmutation                6
   d - Dragon Form                    Transmutation                7
Comestibles
 b - 32 rations


   Skills:
 + Level 9.3 Fighting
 + Level 9.0 Dodging
 - Level 1.7 Stealth
 - Level 4.0 Shields
 - Level 8.0 Spellcasting
 + Level 6.6 Conjurations
 + Level 5.4 Charms
 * Level 4.7 Summonings
 * Level 13.6 Ice Magic
 + Level 5.0 Invocations
 + Level 4.2 Evocations


You had 16 spell levels left.
You knew the following spells:

 Your Spells              Type           Power        Failure   Level  Hunger
a - Freeze                Ice            ####         0%          1    None
b - Ozocubu's Armour      Chrm/Ice       #####...     1%          3    None
c - Throw Icicle          Conj/Ice       #####...     1%          4    ##.....
d - Summon Ice Beast      Ice/Summ       #####...     1%          4    ##.....


Dungeon Overview and Level Annotations

Branches:
Dungeon (12/15)            Temple (1/1) D:5            Lair (5/6) D:11
  Swamp (0/4) Lair:2        Snake (0/4) Lair:4          Orc (0/2) D:11
  Slime: Lair:5-6

Altars:
Ashenzari
Dithmenos
Elyvilon
Gozag
Hepliaklqana
Kikubaaqudgha
Makhleb
Okawaru
Qazlal
Ru
Sif Muna
Uskayaw
Wu Jian
Xom
Yredelemnul
Zin
The Shining One

Shops:
D:12 (


Innate Abilities, Weirdness & Mutations

You can walk through water.
Your dull iron-grey scales are very hard. (AC +13)
You cannot fit into any form of body armour.
You can survive without breathing.
You are cold-blooded and may be slowed by cold attacks.
Your life essence is reduced to manifest your ancestor. (-10% HP)
You are robust. (+10% HP)
Your spells are a little easier to cast, but a little less powerful.


Message History

Your ice beast hits the reaper.
Your ice beast freezes the reaper.
The reaper resists.
Your ice beast hits the reaper but does no damage. x2
Unknown command.
You feel better.
Your ice beast disappears in a puff of smoke!
Your ice beast barely misses the reaper.
You hit the reaper but do no damage.
The reaper is almost dead.
Your ice beast hits the reaper but does no damage. x2
The reaper hits your ice beast with a scythe of freezing!!
You barely miss the reaper.
You tail-slap the reaper, but do no damage.
The reaper is almost dead.
Your ice beast barely misses the reaper.
Your ice beast closely misses the reaper.
Your ice beast hits the reaper but does no damage.
You feel agile all of a sudden.
The reaper hits you with a scythe of freezing!
You die...

#.§.§§§. #.≈.###....##
#..§#§§###§§§§##....#.
#..#.##...§§§##)..##.
#..#.#.....#.§##).#..
##.......###.§####..
#........# #.§.###.#
#.......## ##.§#..##
##..YY..# ##§§..#
#.@2..## ##..##
##..Y## #### ##.## ###


You could see a reaper and 3 friendly ice beasts.

Vanquished Creatures
  The ghost of MTVSty1e the Geomancer, a journeyman HuEE of Makhleb (Lair:4)
  The ghost of Daviar the Grappler, a journeyman NaCK of Xom (D:10)
  Harold (D:10)
  2 hydras
  An ice dragon (Lair:5)
  A two-headed ogre (D:9)
  3 elephants
  A black mamba (Lair:1)
  3 spiny frogs
  2 ice statues (IceCv)
  A centaur skeleton (D:12)
  A rime drake (Lair:5)
  2 komodo dragons
  2 ice devils (IceCv)
  2 polar bears (Lair:5)
  A troll (D:12)
  Prince Ribbit (D:8)
  A tyrant leech (Lair:2)
  11 blink frogs
  5 hippogriffs
  2 wraiths (Ossuary)
  A human (D:8)
  2 wyverns
  A vampire (D:11)
  Grum (D:10)
  Sigmund (D:2)
  29 yaks
  3 basilisks
  4 vampire mosquitoes (D:12)
  Menkaure (D:4)
  An acid dragon (D:11)
  Edmund (D:4)
  5 porcupines
  11 water moccasins
  Duvessa (D:5)
  An orc warrior (D:11)
  2 sky beasts
  2 black bears
  2 ice beasts (D:6)
  A phantom (D:6)
  9 wolves
  4 ogres
  A centaur (D:9)
  A big kobold (D:11)
  5 crocodiles
  12 bullfrogs
  7 scorpions
  Dowan (D:5)
  7 killer bees
  5 wights
  A bullfrog zombie (D:5)
  3 crimson imps
  The ghost of Tiamon the Conjurer, a weakling DECj (D:3)
  2 hounds
  2 centaur zombies
  A jelly (D:6)
  6 orc wizards
  5 orc priests
  A bullfrog skeleton (D:9)
  Crazy Yiuf (D:3)
  Ijyb (D:4)
  2 iguanas
  6 worker ants
  12 adders
  A howler monkey skeleton (D:4)
  A river rat (Lair:1)
  2 shadow imps
  7 white imps (IceCv)
  2 ufetubi (IceCv)
  An adder skeleton (D:4)
  2 adder zombies
  2 leopard geckos (D:2)
  24 orcs
  4 bats
  4 giant cockroaches
  5 goblins
  6 hobgoblins
  2 jackals (D:6)
  8 kobolds
  2 quokkas
  2 ball pythons
  A ball python skeleton (Ossuary)
  7 frilled lizards
  2 hobgoblin skeletons (Ossuary)
  2 hobgoblin zombies (Ossuary)
  A jackal skeleton (D:9)
  2 kobold zombies (Ossuary)
  2 orc skeletons (Ossuary)
  A quokka skeleton (D:5)
  5 rats
  A plant (Lair:1)
310 creatures vanquished.

Vanquished Creatures (collateral kills)
  Erolcha (D:9)
  Fannar (D:11)
  A hydra (Lair:1)
  A two-headed ogre (D:8)
  An unseen horror (D:12)
  An ugly thing (D:12)
  2 elephants (Lair:3)
  A black mamba (Lair:3)
  A komodo dragon (Lair:3)
  3 ice devils (IceCv)
  9 blink frogs
  A troll (D:9)
  3 hippogriffs
  A tyrant leech (Lair:2)
  A wraith (D:12)
  2 wyverns
  17 yaks
  3 hogs (D:8)
  3 vampire mosquitoes (D:12)
  A hungry ghost (D:9)
  A porcupine (Lair:1)
  2 orc warriors (D:10)
  A black bear (D:9)
  A phantom (D:9)
  An eye of draining (D:9)
  2 centaurs
  A crocodile (Lair:2)
  6 bullfrogs
  A scorpion (D:6)
  2 killer bees (D:9)
  2 wights (D:8)
  3 howler monkeys (D:10)
  A centaur zombie (D:10)
  A hound (D:10)
  2 jellies
  A quasit (D:5)
  An orc priest (D:8)
  An iguana (D:8)
  An orc wizard (D:10)
  A worker ant (D:7)
  A river rat (Lair:1)
  A shadow imp (D:8)
  3 white imps (IceCv)
  3 ufetubi (IceCv)
  An adder skeleton (D:10)
  7 orcs
  A jackal (D:6)
  A quokka (D:9)
  A butterfly (Lair:3)
105 creatures vanquished.

Vanquished Creatures (others)
  7 knights
  2 white imps (IceCv)
  4 ufetubi (IceCv)
  6 fungi
  3 plants
22 creatures vanquished.

Grand Total: 437 creatures vanquished

Notes
Turn   | Place    | Note
-------+----------+-------------------------------------------
     0 | D:1      | Inarius the Draconian Ice Elementalist began the quest for the Orb.
     0 | D:1      | Reached XP level 1. HP: 14/14 MP: 3/3
   977 | D:1      | Reached XP level 2. HP: 18/20 MP: 3/5
   996 | D:2      | Noticed Sigmund
  1354 | D:2      | Noticed a bullfrog
  1367 | D:3      | HP: 1/20 [bullfrog (5)]
  1371 | D:3      | Gained mutation: Your spells are a little easier to cast, but a little less powerful. [potion of mutation]
  1371 | D:3      | Gained mutation: You are robust. (+10% HP) [potion of mutation]
  1373 | D:3      | Killed a bullfrog
  1373 | D:3      | Reached skill level 4 in Ice Magic
  1373 | D:3      | Reached XP level 3. HP: 9/28 MP: 0/6
  1373 | D:3      | Reached XP level 4. HP: 12/36 MP: 0/7
  1583 | D:3      | Noticed Tiamon's ghost (weakling DECj)
  1598 | D:3      | Killed Tiamon's ghost
  1598 | D:3      | Reached skill level 5 in Ice Magic
  1658 | D:3      | Learned a level 3 spell: Ozocubu's Armour
  1663 | D:3      | Learned a level 4 spell: Throw Icicle
  1847 | D:3      | Reached XP level 5. HP: 9/42 MP: 0/9
  1852 | D:3      | HP: 2/42 [orc/hand axe (8)]
  1858 | D:3      | HP: 2/42 [orc/mace (1)]
  3171 | D:3      | Found a runed door.
  3315 | D:3      | Noticed Crazy Yiuf
  3320 | D:3      | Killed Crazy Yiuf
  3475 | D:4      | Got a crude whip
  3486 | D:4      | Identified the +9 whip "Qohakadim" {flame, rF+ rN+ MR+} (You found it on level 4 of the Dungeon)
  3571 | D:4      | Found a stormy altar of Qazlal.
  3597 | D:4      | Reached XP level 6. HP: 50/50 MP: 6/11
  3767 | D:4      | Noticed Menkaure
  3774 | D:4      | Killed Menkaure
  3774 | D:4      | Reached skill level 6 in Ice Magic
  3855 | D:4      | Noticed Edmund
  3859 | D:4      | Noticed Ijyb
  3872 | D:4      | Killed Edmund
  3872 | D:4      | Reached skill level 1 in Fighting
  3872 | D:4      | Your scales start taking on a dull iron-grey colour.
  3872 | D:4      | Reached XP level 7. HP: 57/57 MP: 9/12
  3872 | D:4      | Gained mutation: You can survive without breathing. [Grey Draconian growth]
  3879 | D:4      | Killed Ijyb
  4233 | D:2      | Killed Sigmund
  4233 | D:2      | Reached skill level 1 in Shields
  4233 | D:2      | Reached skill level 1 in Charms
  4251 | D:2      | Learned a level 4 spell: Summon Ice Beast
  4572 | D:5      | Entered Level 5 of the Dungeon
  4609 | D:5      | Noticed Dowan
  4611 | D:5      | Found a sand-covered staircase.
  4622 | Ossuary  | Entered an ossuary
  4701 | Ossuary  | Noticed a flying skull
  4701 | Ossuary  | Noticed a wraith
  4726 | Ossuary  | Noticed a wraith
  4739 | Ossuary  | Killed a wraith
  4739 | Ossuary  | Reached skill level 1 in Summonings
  4739 | Ossuary  | Reached skill level 7 in Ice Magic
  4739 | Ossuary  | Reached XP level 8. HP: 24/67 MP: 14/14
  4744 | Ossuary  | Noticed a flying skull
  4746 | Ossuary  | Noticed a flying skull
  4768 | Ossuary  | Noticed a flying skull
  5045 | D:5      | Found an opulent altar of Gozag.
  5047 | D:5      | Noticed Duvessa
  5065 | D:5      | Killed Dowan
  5106 | D:5      | Killed Duvessa
  5262 | D:5      | Found a staircase to the Ecumenical Temple.
  5301 | Temple   | Entered the Ecumenical Temple
  5326 | Temple   | Became a worshipper of Hepliaklqana the Forgotten
  5361 | D:5      | Found a shattered altar of Ashenzari.
  6108 | D:6      | Reached skill level 5 in Spellcasting
  6342 | D:6      | Reached XP level 9. HP: 69/69 MP: 16/16
  6391 | D:6      | Reached skill level 8 in Ice Magic
  6417 | D:6      | Reached * piety under Hepliaklqana
  6524 | D:6      | Found a glowing silver altar of Zin.
  7363 | D:7      | Reached ** piety under Hepliaklqana
  7364 | D:7      | Remembered your ancestor Onaxys as a knight
  7467 | D:8      | Noticed a two-headed ogre
  7475 | D:8      | Killed a two-headed ogre
  7475 | D:8      | Reached skill level 9 in Ice Magic
  7521 | D:8      | Noticed Prince Ribbit
  7533 | D:8      | Killed Prince Ribbit
  7636 | D:8      | Reached skill level 5 in Fighting
  7636 | D:8      | Reached XP level 10. HP: 71/81 MP: 11/19
  7881 | D:8      | Found a glowing golden altar of the Shining One.
  8367 | D:9      | Got a steaming hunting sling
  8420 | D:9      | Reached skill level 10 in Ice Magic
  8525 | D:9      | Found an iron altar of Okawaru.
  8621 | D:9      | Noticed Erolcha
  8632 | D:9      | Killed Erolcha
  8842 | D:9      | Found a white marble altar of Elyvilon.
  9130 | D:9      | Noticed a two-headed ogre
  9140 | D:9      | Killed a two-headed ogre
  9140 | D:9      | Reached XP level 11. HP: 92/92 MP: 5/21
  9339 | D:9      | Found an ornate altar of the Wu Jian Council.
  9391 | D:9      | Identified the +0 hunting sling "Boulets" {freeze, Int+4} (You found it on level 9 of the Dungeon)
  9416 | D:10     | Entered Level 10 of the Dungeon
  9496 | D:10     | Noticed Daviar's ghost (journeyman NaCK)
  9522 | D:10     | Killed Daviar's ghost
  9522 | D:10     | Reached skill level 11 in Ice Magic
  9729 | D:10     | Reached *** piety under Hepliaklqana
  9734 | D:10     | Noticed Harold
  9753 | D:10     | Killed Harold
  9912 | D:10     | Noticed Grum
  9931 | D:10     | Killed Grum
 10033 | D:10     | Reached skill level 1 in Invocations
 10034 | D:10     | Reached skill level 5 in Dodging
 10437 | D:11     | Found a staircase to the Lair.
 10439 | D:11     | Noticed Fannar
 10743 | D:11     | Killed Fannar
 11117 | D:11     | Found a shattered altar of Ashenzari.
 11328 | D:11     | Found a staircase to the Orcish Mines.
 11521 | D:12     | Reached **** piety under Hepliaklqana
 11636 | D:12     | Noticed a five-headed hydra
 11656 | D:12     | Killed a five-headed hydra
 11656 | D:12     | Reached XP level 12. HP: 103/103 MP: 1/22
 12145 | D:12     | Reached skill level 5 in Charms
 12145 | D:12     | Reached skill level 12 in Ice Magic
 12324 | D:12     | Found Estrevom's Antique Weapon Shoppe.
 12398 | D:12     | Reached skill level 5 in Invocations
 12603 | D:12     | Found a glowing golden altar of the Shining One.
 12825 | Lair:1   | Entered Level 1 of the Lair of Beasts
 12957 | Lair:1   | Reached skill level 1 in Evocations
 13253 | Lair:1   | Noticed a seven-headed hydra
 13261 | Lair:1   | Killed a seven-headed hydra
 13261 | Lair:1   | Reached skill level 5 in Conjurations
 13725 | Lair:1   | Reached ***** piety under Hepliaklqana
 14686 | Lair:2   | Reached XP level 13. HP: 88/111 MP: 16/24
 14769 | Lair:2   | Found a staircase to the Swamp.
 15364 | Lair:3   | Reached skill level 13 in Ice Magic
 16741 | Lair:4   | Noticed MTVSty1e's ghost (journeyman HuEE)
 16748 | Lair:4   | Killed MTVSty1e's ghost
 17253 | Lair:4   | Found a staircase to the Snake Pit.
 17280 | Lair:4   | Reached ****** piety under Hepliaklqana
 17937 | Lair:5   | Found a frozen archway.
 18013 | IceCv    | Entered an ice cave
 20171 | IceCv    | Noticed a reaper
 20225 | IceCv    | Slain by a reaper

Skill      XL: |  1  2  3  4  5  6  7  8  9 10 11 12 13 |
---------------+----------------------------------------+-----
Dodging        | 2 3 4 6 8 9 |  9.0
Ice Magic      | 4 5 6 7 9 10 11 12 13 | 13.6
Spellcasting   | 3 4 5 6 7 8 |  8.0
Conjurations   | 2 3 4 5 6 |  6.6
Fighting       | 1 2 3 5 7 8 9 |  9.3
Shields        | 1 3 4 |  4.0
Charms         | 1 2 3 4 5 |  5.4
Summonings     | 1 3 4 |  4.7
Invocations    | 4 5 |  5.0
Evocations     | 3 4 |  4.2
Stealth        | |  1.7

Action                   |  1- 3 |  4- 6 |  7- 9 | 10-12 | 13-15 || total
-------------------------+-------+-------+-------+-------+-------++-------
Melee: Dagger            |    14 |    40 |       |       |       ||    54
       Tailslap          |     1 |    10 |    27 |    67 |    57 ||   162
       Whip              |       |    49 |   239 |   690 |   301 ||  1279
       Quarterstaff      |       |     3 |       |       |       ||     3
       Staff             |       |       |       |       |    14 ||    14
 Cast: Freeze            |    17 |    27 |       |     2 |       ||    46
       Ozocubu's Armour  |       |     6 |    11 |    29 |    11 ||    57
       Throw Icicle      |       |       |     7 |    79 |    65 ||   151
       Summon Ice Beast  |       |       |     1 |     8 |    10 ||    19
Invok: Ancestor Life: Kn |       |       |     1 |       |       ||     1
       Ancestor Identity |       |       |     1 |       |       ||     1
       Recall Ancestor   |       |       |       |     1 |     3 ||     4
       Transference      |       |       |       |       |     1 ||     1
  Use: Potion            |     3 |     2 |     3 |     2 |    18 ||    28
       Scroll            |       |     9 |     9 |     7 |     3 ||    28
 Stab: Sleeping          |     1 |     2 |     9 |     3 |       ||    15
       Distracted        |       |       |     1 |     5 |     5 ||    11
  Eat: Chunk             |     1 |     9 |    14 |    20 |     8 ||    52
       Ration            |       |       |       |     3 |     4 ||     7
Armor: Skin              |     7 |    21 |    73 |   257 |   124 ||   482
Dodge: Dodged            |    16 |    46 |   103 |   417 |   232 ||   814
Block: Other             |       |    24 |     5 |       |       ||    29
       Reflection        |       |     3 |       |     9 |     4 ||    16
       Buckler           |       |       |    81 |   363 |   173 ||   617
